[Event "*** SCC Grand Prix: Titled Tuesday Blitz"]
[Site "Chess.com"]
[Date "2020.09.29"]
[Round "6"]
[White "elcandado"]
[Black "MashaFromRussia"]
[Result "0-1"]
[WhiteElo "2564"]
[BlackElo "2422"]
[TimeControl "180+1"]
[EndTime "11:04:23 PDT"]
[Termination "MashaFromRussia won by resignation"]

1. d4 Nf6 2. Bf4 g6 3. e3 Bg7 4. Be2 d6 5. Nf3 Nh5 6. Bg5 h6 7. Bh4 g5 8. Nfd2 Nf6 9. Bg3 c5 10. c3 Nc6 11. a4 Bf5 12. Na3 Rc8 13. Qb3 b6 14. h3 O-O 15. O-O cxd4 16. exd4 e5 17.
dxe5 dxe5 18. Rad1 Qe7 19. Ba6 Rcd8 20. Rfe1 Nh5 21.
Bh2 Nf4 22. Bxf4 gxf4 23. Nf3 Rxd1 24. Qxd1 Rd8 25. Qe2 e4 26. Nd2 f3 27. Nxf3 exf3 28. Qxe7 Nxe7 29. Rxe7 Rd1+ 30. Kh2 Bf8 31. Re8 Bd7 32.
Rd8 fxg2 33. Kxg2 Bc6+ 34. Kg3 Rxd8 35. Bb5 Bxb5 36. Nxb5 a6 0-1

[Event "*** SCC Grand Prix: Titled Tuesday Blitz"]
[Site "Chess.com"]
[Date "2020.09.29"]
[Round "6"]
[White "jacky72"]
[Black "MF1966Idrisov"]
[Result "1-0"]
[WhiteElo "2590"]
[BlackElo "2353"]
[TimeControl "180+1"]
[EndTime "11:04:25 PDT"]
[Termination "jacky72 won by resignation"]

1. Nf3 d6 2. d4 f5 3. g3 Nf6 4. Bg2 e6 5. O-O Be7 6. b3 O-O 7. Bb2 Ne4 8. c4 Bf6 9. Ne1 Nc6 10. Nc2 e5 11. f3 Ng5 12. d5 Ne7 13. e4 fxe4 14.
fxe4 Bh3 15. Bxh3 Nxh3+ 16. Kg2 Qd7 17. Nc3 g6 18. Bc1 Bg5 19. Ne3 h5 20. g4 Nf4+ 21.
Kh1 h4 22. Bd2 h3 23. Qf3 Nfxd5 24. Qxh3 Nxc3 25. Bxc3 Bf4 26. Ng2 Bg5 27. Qg3 Qc6 28. h4 Bh6 29. g5 Bg7 30. Qg4 Kh7 31. h5 Rf4 32. hxg6+ Nxg6 33. Qh5+ Kg8 34. Qxg6 Raf8 35. Rxf4 Rxf4 36. Nxf4 1-0

[Event "*** SCC Grand Prix: Titled Tuesday Blitz"]
[Site "Chess.com"]
[Date "2020.09.29"]
[Round "6"]
[White "Andreikka"]
[Black "DenisQ"]
[Result "1-0"]
[WhiteElo "2853"]
[BlackElo "2629"]
[TimeControl "180+1"]
[EndTime "11:04:28 PDT"]
[Termination "Andreikka won by resignation"]

1. c4 c6 2. Nf3 d5 3. d4 Nf6 4.
e3 Bf5 5. Nc3 e6 6. Nh4 Be4 7. Qb3 Qc7 8. f3 Bg6 9. Bd2 Nbd7 10.
Nxg6 hxg6 11. O-O-O dxc4 12. Bxc4 b5 13. Be2 Rxh2 14. Rhg1 a6 15. Kb1 c5 16. dxc5 Nxc5 17. Qc2 Rc8 18. Rc1 Be7 19. a3 Ncd7 20. Qd1 Qb8 21.
Na2 Rh5 22. g4 Rhc5 23. Rh1 Rxc1+ 24. Nxc1 Qc7 25. Rh8+ Nf8 26. Nb3 Nd5 27. Bd3 Rd8 28.
Qe2 Nb6 29. Ba5 Rc8 30. Ka2 Qb7 31. Bxb5+ axb5 32. Qxb5+ Rc6 33. Nd4 1-0

[Event "*** SCC Grand Prix: Titled Tuesday Blitz"]
[Site "Chess.com"]
[Date "2020.09.29"]
[Round "6"]
[White "Tenamu"]
[Black "rududuyk"]
[Result "1-0"]
[WhiteElo "2372"]
[BlackElo "2153"]
[TimeControl "180+1"]
[EndTime "11:04:28 PDT"]
[Termination "Tenamu won by resignation"]

1. d4 e6 2. c4 f5 3. Nf3 Nf6 4.
g3 Be7 5. Bg2 O-O 6. O-O d6 7.
Nbd2 Ne4 8. b3 Bf6 9. Bb2 Qe8 10. Qc2 Nxd2 11. Qxd2 e5 12. dxe5 dxe5 13. Nxe5 c6 14.
Nd3 Nd7 15. Rad1 Bxb2 16. Qxb2 Nf6 17. Ne5 Be6 18. Rd6 Ne4 19. Bxe4 fxe4 20. Rfd1 e3 21.
f3 Bf5 22. c5 Qe7 23. Qd4 Rae8 24. Nc4 Qg5 25. Qh4 Qxh4 26. gxh4 Bc2 27. R1d4 Rf7 28.
Rd8 Rff8 29. Rxe8 Rxe8 30. Kf1 Bb1 31. a3 Bc2 32. b4 Bb3 33. Nd6 Re7 34. Re4 Rxe4 35.
fxe4 Kf8 36. Nxb7 Ke7 37. Na5 Bc2 38. Nxc6+ Ke6 39. Nd4+ 1-0

[Event "*** SCC Grand Prix: Titled Tuesday Blitz"]
[Site "Chess.com"]
[Date "2020.09.29"]
[Round "6"]
[White "RU_B9"]
[Black "picturesquecheck"]
[Result "0-1"]
[WhiteElo "1887"]
[BlackElo "2188"]
[TimeControl "180+1"]
[EndTime "11:04:31 PDT"]
[Termination "picturesquecheck won on time"]

1. c4 c5 2. Nf3 Nc6 3. d4 cxd4 4. Nxd4 Nf6 5. Nc3 g6 6. e4 d6 7. Be2 Bg7 8. Be3 O-O 9. O-O Bd7 10. Nc2 Rc8 11. f3 a5 12. b3 Be6 13. Qd2 Nd7 14.
Rab1 Nc5 15. a3 a4 16. Nxa4 Nxa4 17. bxa4 Qd7 18. Rfc1 Ne5 19. c5 dxc5 20. Qxd7 Bxd7 21. Rxb7 Bxa4 22. Rxe7 c4 23. Nb4 c3 24. Kf1 Rfd8 25.
Ke1 c2 26. f4 Nc4 27. Bxc4 Rxc4 28. f5 Rd1+ 29. Ke2 Bf8 30. Re8 Rxc1 31. Bxc1 Bxe8 0-1

[Event "*** SCC Grand Prix: Titled Tuesday Blitz"]
[Site "Chess.com"]
[Date "2020.09.29"]
[Round "6"]
[White "Berardino"]
[Black "SergeyKarjakin"]
[Result "0-1"]
[WhiteElo "2716"]
[BlackElo "2964"]
[TimeControl "180+1"]
[EndTime "11:04:33 PDT"]
[Termination "SergeyKarjakin won by resignation"]

1. e4 c5 2. Nf3 d6 3. d4 cxd4 4. Nxd4 Nf6 5. Nc3 a6 6. a3 e5 7. Nf5 d5 8. Bg5 d4 9. Bxf6 gxf6 10. Nb1 Qb6 11. Nd2 Be6 12. Bd3 Nd7 13. O-O Qxb2 14.
Rb1 Qxa3 15. Nc4 Qc5 16. Qe2 b5 17. Na5 Qc7 18. Ra1 Bb4 19. Nb3 Bc3 20. Ra2 Ra7 21.
Qg4 Kd8 22. Qg7 Re8 23. Qxh7 Nc5 24. Ng7 Bxb3 25. cxb3 Nxd3 26. Nxe8 Kxe8 27. h4 Ke7 28. h5 Qc6 29. h6 Ra8 30. Qg7 Qxe4 31. h7 Nf4 32.
Rxa6 Ne2+ 0-1

[Event "*** SCC Grand Prix: Titled Tuesday Blitz"]
[Site "Chess.com"]
[Date "2020.09.29"]
[Round "6"]
[White "ZverevLev"]
[Black "KyronGriffith"]
[Result "0-1"]
[WhiteElo "2358"]
[BlackElo "2520"]
[TimeControl "180+1"]
[EndTime "11:04:35 PDT"]
[Termination "KyronGriffith won by resignation"]

1. e4 c6 2. d4 d5 3. e5 Bf5 4.
Nd2 e6 5. Nb3 a6 6. Nf3 c5 7.
Nxc5 Bxc5 8. dxc5 Qa5+ 9. c3 Qxc5 10. Be3 Qc7 11. Be2 Nc6 12. O-O Nge7 13. Bd4 O-O 14. Re1 Bg4 15. h3 Bxf3 16. Bxf3 Nxd4 17. cxd4 Rac8 18. Qb3 b5 19. a4 Qc4 20. Qd1 Nf5 21. axb5 axb5 22. Be2 Qxd4 23. Bxb5 Qxb2 24. Bd3 Ne7 25.
Ra7 Ng6 26. Qh5 Qd2 27. Rd1 Rc1 28. Rxc1 Qxc1+ 29. Kh2 Qf4+ 30. Kg1 Rc8 31. g3 Qd4 32.
Ra3 Nf8 33. Ra7 Qxa7 0-1

[Event "*** SCC Grand Prix: Titled Tuesday Blitz"]
[Site "Chess.com"]
[Date "2020.09.29"]
[Round "6"]
[White "carlsen1001"]
[Black "MomchilPetkov"]
[Result "0-1"]
[WhiteElo "2438"]
[BlackElo "2597"]
[TimeControl "180+1"]
[EndTime "11:04:37 PDT"]
[Termination "MomchilPetkov won by resignation"]

1. e4 c5 2. Nf3 d6 3. d4 cxd4 4. Nxd4 Nf6 5. Nc3 a6 6. Bg5 e6 7. f4 h6 8. Bh4 Qb6 9. Qd2 Qxb2 10. Rb1 Qa3 11. e5 dxe5 12. fxe5 Nfd7 13. Rb3 Qa5 14. Nf3 Nc6 15. Bg3 Nc5 16. Rb1 Bd7 17. Bc4 O-O-O 18.
O-O Be8 19. Qe3 Nb3 20. Kh1 Bc5 21. Qe1 Nd2 22. Nxd2 Qxc3 23. Bd3 Bb4 24. Bf4 g5 25.
Rb3 Qc5 26. Bg3 Nd4 27. Rb1 Qa5 28. Qe4 Bc6 29. Nc4 Bxe4 30. Nxa5 Bxd3 31. Rxb4 Bxf1 32. Nxb7 Nb5 33. Nd6+ Nxd6 34. exd6 Bb5 35. a4 Bc6 36. d7+ Kxd7 0-1

[Event "*** SCC Grand Prix: Titled Tuesday Blitz"]
[Site "Chess.com"]
[Date "2020.09.29"]
[Round "6"]
[White "markberk"]
[Black "bratkoo"]
[Result "1-0"]
[WhiteElo "2390"]
[BlackElo "2525"]
[TimeControl "180+1"]
[EndTime "11:04:37 PDT"]
[Termination "markberk won by checkmate"]

1. Nf3 e6 2. d4 d5 3. e3 Nf6 4.
Bd3 c5 5. c3 Nc6 6. O-O Bd6 7.
dxc5 Bxc5 8. b4 Be7 9. Nbd2 O-O 10. b5 Na5 11. Bb2 Qc7 12. Rc1 Rd8 13. Qe2 Bd7 14.
c4 dxc4 15. Nxc4 Nxc4 16. Bxc4 Qa5 17. Bc3 Qa4 18. Ne5 Be8 19. Qf3 Nd5 20. Ba1 Bf6 21. Qg4 Bxb5 22. Qh5 g6 23. Qf3 Bxc4 24. Rxc4 Qxa2 25.
Rc7 Rf8 26. e4 Nxc7 27. Qxf6 Ne8 28. Qh8+ Kxh8 29. Nxf7+ Kg8 30. Nh6# 1-0

[Event "*** SCC Grand Prix: Titled Tuesday Blitz"]
[Site "Chess.com"]
[Date "2020.09.29"]
[Round "6"]
[White "MFBerna"]
[Black "esrosenberg"]
[Result "1-0"]
[WhiteElo "2376"]
[BlackElo "2211"]
[TimeControl "180+1"]
[EndTime "11:04:37 PDT"]
[Termination "MFBerna won on time"]

1. d4 Nf6 2. c4 e6 3. Nc3 Bb4 4. Qc2 O-O 5. Nf3 c5 6. a3 cxd4 7.
axb4 dxc3 8. Qxc3 b6 9. Bg5 Bb7 10. e3 d6 11. Be2 Nbd7 12. O-O h6 13. Bf4 Qc7 14. Rfd1 e5 15. Bg3 Ne4 16. Qe1 Rfd8 17. Rac1 Rac8 18. Nd2 Ndf6 19. Nxe4 Nxe4 20. Bg4 Rb8 21.
Bh4 g5 22. Bg3 Qe7 23. Qe2 Nxg3 24. hxg3 d5 25. c5 bxc5 26. bxc5 Bc6 27. Bf5 Qf6 28. Bb1 e4 29. Rd4 Rb3 30. Ba2 Rb7 31. b4 Qe5 32.
Qd2 Rdb8 33. Bxd5 Bxd5 34. Rxd5 Qe6 35. c6 Rxb4 36. c7 Rc8 37. Rd8+ 1-0

[Event "*** SCC Grand Prix: Titled Tuesday Blitz"]
[Site "Chess.com"]
[Date "2020.09.29"]
[Round "6"]
[White "KyrgyzFighter"]
[Black "Zarinur"]
[Result "1-0"]
[WhiteElo "2374"]
[BlackElo "2195"]
[TimeControl "180+1"]
[EndTime "11:04:37 PDT"]
[Termination "KyrgyzFighter won by resignation"]

1. c4 e5 2. Nc3 Bb4 3. Nd5 Be7 4. g3 Nc6 5. Bg2 d6 6. d3 f5 7. e3 Nf6 8. Ne2 O-O 9. O-O Be6 10. Nec3 Qd7 11.
f4 Rad8 12. e4 fxe4 13. dxe4 Bxd5 14. exd5 Nd4 15. b4 a5 16. a3 Qg4 17. fxe5 dxe5 18. c5 Qxd1 19. Rxd1 axb4 20. axb4 b6 21. d6 cxd6 22.
cxb6 Rb8 23. b7 Kh8 24. Be3 Nc2 25. Ba7 Nxa1 26. Bxb8 Rxb8 27. Rxa1 e4 28. Nxe4 Nxe4 29. Bxe4 Bd8 30. Ra8 Bc7 31. b5 Kg8 32. Kg2 Kf7 33.
b6 d5 34. Bxd5+ Ke7 35. bxc7 Rxa8 36. bxa8=Q 1-0

[Event "*** SCC Grand Prix: Titled Tuesday Blitz"]
[Site "Chess.com"]
[Date "2020.09.29"]
[Round "6"]
[White "LiamVrolijk"]
[Black "sokidze"]
[Result "1-0"]
[WhiteElo "2843"]
[BlackElo "2622"]
[TimeControl "180+1"]
[EndTime "11:04:39 PDT"]
[Termination "LiamVrolijk won by checkmate"]

1. d4 Nf6 2. Bg5 e6 3. Nd2 h6 4.
Bh4 c5 5. e3 d5 6. c3 Bd6 7.
Bd3 O-O 8. f4 cxd4 9. cxd4 Nc6 10.
Ngf3 Be7 11. a3 b6 12. Bxf6 Bxf6 13. h4 h5 14. g4 hxg4 15. Ng5 g6 16. Rc1 Ne7 17.
Nf1 Kg7 18. Ng3 Nf5 19. Kf2 Rh8 20. Qxg4 Bxg5 21. hxg5 Bd7 22. Rxh8 Qxh8 23. Rh1 Qg8 24. Qh3 Kf8 25. Bxf5 exf5 26. Rc1 Ke7 27. Qh1 Be6 28. Rc7+ Kd6 29. Qc1 Rc8 30. Qc6# 1-0

[Event "*** SCC Grand Prix: Titled Tuesday Blitz"]
[Site "Chess.com"]
[Date "2020.09.29"]
[Round "6"]
[White "SilviusTiberius"]
[Black "Piotrek1979"]
[Result "1-0"]
[WhiteElo "2635"]
[BlackElo "2456"]
[TimeControl "180+1"]
[EndTime "11:04:39 PDT"]
[Termination "SilviusTiberius won by resignation"]

1. e4 c5 2. Nf3 Nc6 3. d4 cxd4 4. Nxd4 Nf6 5. Nc3 e5 6. Ndb5 d6 7. Nd5 Nxd5 8. exd5 Nb8 9. c4 Be7 10. Be2 O-O 11. O-O a6 12. Nc3 Nd7 13. Be3 f5 14. f3 Bg5 15. Bf2 Qe7 16. b4 e4 17. fxe4 fxe4 18. Bd4 Rxf1+ 19. Bxf1 Bf6 20. Qd2 a5 21. bxa5 Nc5 22. Re1 Bxd4+ 23. Qxd4 Bf5 24. g3 Rxa5 25. Bg2 Nd3 26. Qxd3 exd3 27. Rxe7 Ra3 28. Nd1 Rxa2 29. Bf3 Rc2 30. Rxb7 Rxc4 31. Rb6 Bg4 32. Bxg4 Rxg4 33. Ne3 Re4 34. Kf2 d2 35. Rb1 Rd4 36. Rd1 1-0

[Event "*** SCC Grand Prix: Titled Tuesday Blitz"]
[Site "Chess.com"]
[Date "2020.09.29"]
[Round "6"]
[White "GmSergioBarrientos"]
[Black "Oleksandr_Bortnyk"]
[Result "0-1"]
[WhiteElo "2690"]
[BlackElo "2904"]
[TimeControl "180+1"]
[EndTime "11:04:40 PDT"]
[Termination "Oleksandr_Bortnyk won by resignation"]

1. d4 Nf6 2. Nf3 b6 3. c4 Bb7 4. a3 g6 5. Nc3 Bg7 6. Qc2 O-O 7.
e4 e6 8. Bd3 d5 9. cxd5 exd5 10. e5 Nfd7 11. O-O c5 12. Bg5 f6 13. exf6 Nxf6 14. Rfe1 c4 15. Bxg6 hxg6 16. Qxg6 Nc6 17. Re6 Ne7 18. Qc2 Bc8 19. Re5 Bg4 20. Nh4 Qd6 21.
Rae1 Nc6 22. Nb5 Qd7 23. R5e3 Ne4 24. Ng6 Rxf2 25. Qb1 Rf7 26. Rxe4 dxe4 27. Qxe4 Bf5 28. Ne7+ Rxe7 29. Qxe7 Nxe7 0-1

[Event "*** SCC Grand Prix: Titled Tuesday Blitz"]
[Site "Chess.com"]
[Date "2020.09.29"]
[Round "6"]
[White "denispopov"]
[Black "pedromartinez91"]
[Result "0-1"]
[WhiteElo "1979"]
[BlackElo "2454"]
[TimeControl "180+1"]
[EndTime "11:04:40 PDT"]
[Termination "pedromartinez91 won by checkmate"]

1. e4 c5 2. Nc3 Nc6 3. Bb5 Nh6 4. Bxc6 bxc6 5. d3 g6 6. Be3 d6 7. h3 f5 8. Qd2 Nf7 9. Nge2 Bg7 10. O-O Rb8 11. b3 e5 12. f4 O-O 13. fxe5 Nxe5 14. exf5 Bxf5 15. d4 cxd4 16. Nxd4 Bd7 17. Bh6 c5 18.
Bxg7 Kxg7 19. Nde2 Bc6 20. Nf4 Qd7 21. Ncd5 Rbe8 22.
Kh2 Qb7 23. Rae1 Bxd5 24. Nxd5 Rf7 25. Nf4 Rfe7 26. Nd3 Nxd3 27. Rxe7+ Qxe7 28. Qxd3 Qe5+ 29. Qg3 Qxg3+ 30. Kxg3 Re2 31. Rf2 Re3+ 32. Rf3 Re2 33. Rf2 Rxf2 34. Kxf2 Kf7 35. Ke3 Ke6 36. c3 Ke5 37. a3 d5 38. Kd3 h5 39. b4 Kd6 40.
a4 h4 41. Ke3 d4+ 42. Kd3 cxb4 43. cxb4 Kd5 44. a5 a6 45. b5 axb5 46. a6 Kc6 47. Kxd4 Kb6 48. a7 Kxa7 49. Kc5 Ka6 50. Kb4 Kb6 51. Kb3 Kc5 52. Kc3 Kd5 53. Kc2 Ke4 54.
Kb2 Ke3 55. Kb3 Kf2 56. Kb4 Kxg2 57. Kxb5 Kxh3 58. Kc5 Kg2 59. Kd5 h3 60. Ke6 h2 61.
Kf6 h1=Q 62. Kxg6 Qh3 63. Kf6 Qe3 64. Kg6 Qe5 65. Kh7 Qf6 66. Kg8 Qe7 67. Kh8 Kg3 68. Kg8 Kg4 69. Kh8 Kg5 70. Kg8 Kg6 71. Kh8 Qg7# 0-1

[Event "*** SCC Grand Prix: Titled Tuesday Blitz"]
[Site "Chess.com"]
[Date "2020.09.29"]
[Round "6"]
[White "AsaHoffmann"]
[Black "leoduarte"]
[Result "1-0"]
[WhiteElo "2406"]
[BlackElo "2301"]
[TimeControl "180+1"]
[EndTime "11:04:40 PDT"]
[Termination "AsaHoffmann won on time"]

1. d4 Nf6 2. Bg5 Ne4 3. Bf4 g6 4. f3 Nf6 5. e4 Bg7 6. Qd2 d6 7.
Nc3 Nfd7 8. Bh6 Bxh6 9. Qxh6 e5 10. Nge2 c6 11. O-O-O Qf6 12. h4 Na6 13. h5 g5 14.
Qxf6 Nxf6 15. g4 h6 16. Ng3 Nc7 17. dxe5 dxe5 18. Bc4 Ke7 19. Nf5+ Bxf5 20. exf5 Nd7 21. Bxf7 Rhd8 22. Bb3 Nb6 23. Rde1 Kf6 24. Ne4+ Kg7 25. Nc5 Kf6 26. Nxb7 Rd4 27. Nc5 Rf4 28. Ne4+ Kg7 29. Rhf1 Ncd5 30. a3 Nf6 31. Nc5 Nfd5 32. Ne6+ Kf6 33.
Nxf4 Kg7 34. Nxd5 1-0

[Event "*** SCC Grand Prix: Titled Tuesday Blitz"]
[Site "Chess.com"]
[Date "2020.09.29"]
[Round "6"]
[White "queen_iryna"]
[Black "Eliwood44"]
[Result "0-1"]
[WhiteElo "2293"]
[BlackElo "2418"]
[TimeControl "180+1"]
[EndTime "11:04:40 PDT"]
[Termination "Eliwood44 won by resignation"]

1. e4 e5 2. Nf3 Nc6 3. Bb5 a6 4.
Bxc6 bxc6 5. O-O d6 6. d4 f6 7.
dxe5 fxe5 8. Nxe5 dxe5 9. Qh5+ Kd7 10. Qf5+ Ke8 11. Qh5+ Kd7 12. Qf5+ Ke7 13. Qxe5+ Be6 14. Bg5+ Nf6 15. Nc3 Kf7 16. f4 h6 17. Bxf6 Qxf6 18.
Qxc7+ Qe7 19. Qxc6 Qc5+ 20. Qxc5 Bxc5+ 21. Kh1 Rab8 22. Rab1 Bd4 23. Rfd1 Bxc3 24. bxc3 Bxa2 25. Ra1 Bc4 26. Rd4 Rhc8 27. g4 Rb2 28. e5 Rxc2 29. Rd7+ Kg8 30. f5 Be2 31. h3 Bf3+ 32. Kg1 Rg2+ 33. Kf1 Rb2 34. e6 Be2+ 35. Kg1 Bb5 36. Rb7 Rxc3 37. Rb8+ Kh7 38. Re1 Rg3+ 39. Kh1 Bc6+ 0-1

[Event "*** SCC Grand Prix: Titled Tuesday Blitz"]
[Site "Chess.com"]
[Date "2020.09.29"]
[Round "6"]
[White "Miss_JJ20"]
[Black "Herracek"]
[Result "0-1"]
[WhiteElo "2453"]
[BlackElo "2629"]
[TimeControl "180+1"]
[EndTime "11:04:41 PDT"]
[Termination "Herracek won on time"]

1. d4 Nf6 2. Nc3 d5 3. Bf4 Bf5 4. e3 e6 5. Nf3 a6 6. Ne5 c5 7. g4 Bg6 8. h4 cxd4 9. exd4 Qb6 10. h5 Be4 11. Rh3 Qxb2 12. Rb1 Qxc2 13. Qxc2 Bxc2 14.
Rxb7 Bd6 15. Kd2 Be4 16. f3 O-O 17. g5 Nxh5 18. Rxh5 Bxe5 19. Bxe5 Bxf3 20. Rh4 Nc6 21. Bd3 g6 22. Rb1 Nxe5 23. dxe5 Kg7 24. Rf1 Bh5 25.
Be2 Bxe2 26. Nxe2 Rab8 27. Rfh1 Rb2+ 28. Ke3 Rh8 29. Nc3 Rg2 30. Kf4 Kg8 31. R1h3 h5 32.
gxh6 g5+ 33. Kf3 Rc2 34. Kg4 gxh4 35. Kh5 Rg2 36. Rxh4 Rg6 0-1

[Event "*** SCC Grand Prix: Titled Tuesday Blitz"]
[Site "Chess.com"]
[Date "2020.09.29"]
[Round "6"]
[White "geordie_derraugh"]
[Black "Chessbard1972"]
[Result "1-0"]
[WhiteElo "2405"]
[BlackElo "2300"]
[TimeControl "180+1"]
[EndTime "11:04:41 PDT"]
[Termination "geordie_derraugh won by checkmate"]

1. e4 c5 2. Nf3 a6 3. d3 Nc6 4. g3 g6 5. Bg2 Bg7 6. O-O d6 7. Re1 e5 8. Be3 Nge7 9. a4 O-O 10. Nbd2 h6 11. Nc4 b6 12. Qd2 Kh7 13. c3 Be6 14. b3 f5 15. b4 Rb8 16. bxc5 bxc5 17. exf5 gxf5 18. a5 Qe8 19. Nxd6 Qh5 20. Bxc5 Bd5 21. Nh4 Bxg2 22. Nxg2 f4 23. Qe2 f3 24. Qe4+ Ng6 25.
Nh4 Ne7 26. Nc4 Rf4 27. gxf4 Qxh4 28. Qxf3 Nxf4 29. Bxe7 Qxe7 30. Qxf4 Qd7 31. Nxe5 Qh3 32. Qe4+ Kg8 33. Qd5+ Kh7 34. Qf3 Qh4 35. Qe4+ Qxe4 36. Rxe4 Rb2 37. d4 Rc2 38. Re3 Bf6 39. Rb1 Bg5 40.
Rf3 Bd2 41. Rb7+ Kg8 42. Ng6 Rc1+ 43. Kg2 Rxc3 44. Rf8# 1-0

[Event "*** SCC Grand Prix: Titled Tuesday Blitz"]
[Site "Chess.com"]
[Date "2020.09.29"]
[Round "6"]
[White "killer311"]
[Black "Savagelittlemole"]
[Result "0-1"]
[WhiteElo "2444"]
[BlackElo "2612"]
[TimeControl "180+1"]
[EndTime "11:04:43 PDT"]
[Termination "Savagelittlemole won by resignation"]

1. d4 Nf6 2. c4 g6 3. g3 Bg7 4. Bg2 O-O 5. Nf3 d6 6. Nc3 Nbd7 7. O-O e5 8. dxe5 Nxe5 9. Nxe5 dxe5 10. Qxd8 Rxd8 11.
Bg5 h6 12. Bxf6 Bxf6 13. Nd5 Kg7 14. Nxc7 Rb8 15. Nd5 Be6 16. Rfd1 b6 17. Rac1 Rbc8 18. b3 Bg5 19. e3 f5 20. h4 Bf6 21. Nxf6 Kxf6 22. Kf1 g5 23. hxg5+ hxg5 24. Ke2 e4 25. g4 Ke5 26. gxf5 Bxf5 27. Rh1 Bg4+ 28. f3 exf3+ 29. Bxf3 Bxf3+ 30. Kxf3 Rd2 31. Rcd1 Rf8+ 32. Kg3 Rxa2 33. Rd5+ Ke4 34. Rxg5 Rf3+ 35. Kh4 Kxe3 36. Rd1 Rh2+ 37. Kg4 Rg2+ 38. Kh5 Rxg5+ 39. Kxg5 Ke4 40. Ra1 a5 41. c5 Rf5+ 42. Kg4 Rxc5 43. Re1+ Kd3 44. Kf4 Rc3 45.
Re3+ Kc2 46. Re6 Rxb3 47. Ke4 a4 48. Kd4 a3 49. Kc4 b5+ 50. Kd4 a2 51. Re2+ Kb1 52. Re1+ Kb2 53. Re2+ Ka3 54. Re1 Rb1 55. Re3+ Ka4 0-1

[Event "*** SCC Grand Prix: Titled Tuesday Blitz"]
[Site "Chess.com"]
[Date "2020.09.29"]
[Round "6"]
[White "tteshan"]
[Black "AliKa2810"]
[Result "1-0"]
[WhiteElo "2387"]
[BlackElo "2546"]
[TimeControl "180+1"]
[EndTime "11:04:43 PDT"]
[Termination "tteshan won by checkmate"]

1. e4 e6 2. d4 d5 3. Nd2 c5 4. exd5 exd5 5. Bb5+ Nc6 6. Ngf3 Qe7+ 7. Qe2 Qxe2+ 8. Kxe2 a6 9. Bxc6+ bxc6 10. dxc5 Bxc5 11. Nb3 Bd6 12. Re1 Ne7 13. Be3 a5 14. Kf1 a4 15.
Nc5 Ra5 16. Nd3 f6 17. Rad1 Kf7 18. Kg1 Bg4 19. Bf4 Bxf4 20. Nxf4 Rb8 21. b3 axb3 22. axb3 Ra2 23. c4 Rxb3 24. cxd5 cxd5 25. Nxd5 Nxd5 26. Rxd5 Bxf3 27. Rd7+ Kg6 28. gxf3 Rxf3 29. Ree7 Rfxf2 30. Rxg7+ Kf5 31. Rxh7 Rg2+ 32. Kf1 Rgb2 33. Rd1 Kg4 34. Rg7+ Kf4 35. Rg6 f5 36. h3 Kf3 37. Rd3+ Ke4 38.
Rd1 f4 39. Re6+ Kf3 40. Rd3# 1-0

[Event "*** SCC Grand Prix: Titled Tuesday Blitz"]
[Site "Chess.com"]
[Date "2020.09.29"]
[Round "6"]
[White "barbara25"]
[Black "stefy02"]
[Result "0-1"]
[WhiteElo "2337"]
[BlackElo "2273"]
[TimeControl "180+1"]
[EndTime "11:04:43 PDT"]
[Termination "stefy02 won by checkmate"]

1. e4 c5 2. Nf3 Nc6 3. g3 g6 4. Bg2 Bg7 5. O-O d6 6. Re1 Nf6 7. c3 O-O 8. d3 Qc7 9. Nbd2 b5 10.
Nf1 Bb7 11. h3 e6 12. Be3 Ne7 13. Qd2 d5 14. exd5 Nexd5 15. Bh6 c4 16. Bxg7 Kxg7 17. d4 Ne7 18. g4 Ned5 19. Ng3 Nf4 20. g5 Nd7 21.
Ne4 Nxg2 22. Kxg2 f5 23. Nc5 Nxc5 24. dxc5 e5 25. Qe3 Rae8 26. Kg1 f4 27. Qe2 e4 28.
Nd4 Qxc5 29. Qg4 Bc8 30. Qg2 f3 31. Qg3 e3 32. Rxe3 Rxe3 33. fxe3 f2+ 34. Kf1 Qd5 35.
Ke2 Qe4 36. Rd1 Qd3+ 37. Rxd3 f1=Q+ 38. Kd2 Qxd3+ 39. Ke1 Rf1# 0-1

[Event "*** SCC Grand Prix: Titled Tuesday Blitz"]
[Site "Chess.com"]
[Date "2020.09.29"]
[Round "6"]
[White "crazy_but_lazy"]
[Black "Jadeit90"]
[Result "1-0"]
[WhiteElo "2545"]
[BlackElo "2336"]
[TimeControl "180+1"]
[EndTime "11:04:44 PDT"]
[Termination "crazy_but_lazy won by resignation"]

1. e4 g6 2. d4 Bg7 3. Nc3 c5 4. dxc5 Qa5 5. Ne2 Qxc5 6. Be3 Qa5 7. Qd2 Nf6 8. h3 Nc6 9. g4 O-O 10. Bg2 d6 11. O-O Be6 12. Rad1 Rfc8 13. Nd4 Nxd4 14.
Bxd4 Nd7 15. Bxg7 Kxg7 16. Qd4+ Qe5 17. f4 Qxd4+ 18. Rxd4 Nc5 19. f5 Bd7 20. f6+ exf6 21.
Rxd6 Be6 22. Nd5 Rd8 23. e5 fxe5 24. Rxd8 Rxd8 25. c4 e4 26. b4 Bxd5 27. cxd5 Nd3 28. Bxe4 Nxb4 29. Rb1 Nxd5 30. Rd1 Kf6 31. Bxd5 Ke5 32.
Bb3 Rxd1+ 33. Bxd1 Kd4 34. g5 Ke5 35. Kf2 f6 36. gxf6 Kxf6 37. Ke3 Ke5 38. Bb3 g5 39.
Bc2 h5 40. Bg6 h4 41. Bh5 b5 42. Kf3 a5 43. Kg4 Kf6 44. Be8 b4 45. Ba4 Kg6 46.
Bb3 Kf6 47. Bc2 Ke5 48. Kxg5 Kd4 49. Kxh4 Kc3 50. Bf5 a4 51. Be6 b3 52. axb3 a3 53.
b4 Kxb4 54. Kg5 Kc5 55. h4 Kd6 56. Kf6 1-0

[Event "*** SCC Grand Prix: Titled Tuesday Blitz"]
[Site "Chess.com"]
[Date "2020.09.29"]
[Round "6"]
[White "korkmaz16"]
[Black "GianmarcoVaR"]
[Result "0-1"]
[WhiteElo "2348"]
[BlackElo "2538"]
[TimeControl "180+1"]
[EndTime "11:04:44 PDT"]
[Termination "GianmarcoVaR won by resignation"]

1. d4 d5 2. Nf3 Nf6 3. e3 Bf5 4. Bd3 Bg6 5. c4 c6 6. O-O e6 7.
b3 Bd6 8. Bb2 Nbd7 9. Ne5 Qe7 10.
f4 Bxd3 11. Qxd3 Ne4 12. Nd2 Nxd2 13. Qxd2 Nf6 14. f5 Ne4 15. Qd3 f6 16. Nf3 exf5 17. cxd5 cxd5 18. Rac1 a6 19. Rc2 O-O 20. Nh4 g6 21.
Nf3 Rac8 22. Rfc1 Qd7 23. a3 Kg7 24. b4 b5 25. Ne1 Rc4 26. Qe2 Rfc8 27. Nd3 Qc7 28.
Rxc4 Bxh2+ 29. Kf1 dxc4 30. Ke1 Qg3+ 31. Nf2 Re8 32. d5 Bg1 33. Kf1 Bxf2 34. Qf3 Nd2+ 0-1

[Event "*** SCC Grand Prix: Titled Tuesday Blitz"]
[Site "Chess.com"]
[Date "2020.09.29"]
[Round "6"]
[White "Trickov"]
[Black "TimKett"]
[Result "1/2-1/2"]
[WhiteElo "2350"]
[BlackElo "2163"]
[TimeControl "180+1"]
[EndTime "11:04:44 PDT"]
[Termination "Game drawn by agreement"]

1. d4 d5 2. Nf3 e6 3. g3 c5 4. Bg2 cxd4 5. O-O Nc6 6. Nxd4 Nf6 7. c4 Bc5 8. Nb3 Bb6 9. cxd5 exd5 10. Bg5 O-O 11. Nc3 Be6 12. e3 h6 13. Bxf6 Qxf6 14. Qf3 Qxf3 15. Bxf3 Rfd8 16. Rfd1 d4 17. exd4 Nxd4 18.
Bxb7 Rab8 19. Be4 Nxb3 20. axb3 Bxb3 21. Rxd8+ Rxd8 22. Re1 a5 23. h4 a4 24. Bc6 Rd2 25. Re2 Rxe2 26. Nxe2 Kf8 27. Nc3 Bd4 28. Bxa4 Bxc3 29.
Bxb3 Bxb2 30. Kg2 Ke7 31. f4 1/2-1/2

[Event "*** SCC Grand Prix: Titled Tuesday Blitz"]
[Site "Chess.com"]
[Date "2020.09.29"]
[Round "6"]
[White "dyziotomi99"]
[Black "Skatchkov_V"]
[Result "1-0"]
[WhiteElo "2481"]
[BlackElo "2628"]
[TimeControl "180+1"]
[EndTime "11:04:46 PDT"]
[Termination "dyziotomi99 won by resignation"]

1. d4 Nf6 2. c4 e6 3. Nc3 Bb4 4. f3 c5 5. d5 O-O 6. e4 b5 7. Nh3 bxc4 8. Bxc4 Nxd5 9. Bxd5 exd5 10. Qxd5 Ba6 11.
Be3 Qb6 12. Kf2 Nc6 13. a3 Bxc3 14. bxc3 Qb2+ 15. Kg3 Qxc3 16. Qxc5 Qf6 17. Nf4 Rab8 18. Rab1 Ne5 19. h4 Rxb1 20. Rxb1 g5 21. Nd5 gxh4+ 22. Kh2 Qg7 23. Ne7+ Kh8 24. Nf5 Rc8 25. Qxc8+ Bxc8 26. Nxg7 Kxg7 27. Bxa7 d6 28. Bd4 Kf6 29. Rb6 Ke6 30.
Bxe5 Kxe5 31. a4 f5 32. exf5 Bxf5 33. a5 d5 34. a6 d4 35. a7 d3 36. a8=Q d2 37.
Qa5+ Kf4 38. Qxd2+ 1-0